[Event "*** Titled Tuesday Blitz"]
[Site "Chess.com"]
[Date "2020.04.07"]
[Round "6"]
[White "Zaven_ChessMood"]
[Black "LyonBeast"]
[Result "1-0"]
[WhiteElo "2886"]
[BlackElo "2983"]
[TimeControl "180+1"]
[EndTime "14:08:21 PDT"]
[Termination "Zaven_ChessMood won by resignation"]

1. e4 e5 2. Nf3 Nc6 3. Bc4 Bc5 4. d3 Nf6 5. O-O O-O 6. Nbd2 d6 7. h3 a5 8. c3 Be6 9. Re1 Bxc4 10. Nxc4 Re8 11. Be3 b5 12. Ncd2 Bxe3 13. Rxe3 a4 14. a3 Ne7 15. d4 Ng6 16. Qc2 c6 17. Rae1 Qb6 18. Nf1 Rad8 19. Ng3 Nf4 20. Ne2 Ne6 21. dxe5 dxe5 22. Nxe5 Nc5 23. Ng4 Nfxe4 24. Ng3 Nd6 25. Rxe8+ Rxe8 26. Rxe8+ Nxe8 27. Nf5 Qd8 28. Qe2 Ne6 29.
Qe5 h5 30. Nge3 Kh7 31. Qe4 g6 32. Nd4 Nxd4 33. cxd4 Qd7 34. g4 hxg4 35. hxg4 Nc7 36. Qe5 Ne6 37. d5 Nd8 38. dxc6 Nxc6 39. Qxb5 Qe6 40. Qxa4 Ne5 41. Qe4 Qd6 42. Kg2 Nd3 43. b4 Nf4+ 44. Kf3 Ne6 45. Qd5 Qa6 46. b5 Qxa3 47.
b6 Qb4 48. b7 Qb6 49. Qd7 Nd8 50. Nd5 Qb3+ 51. Kg2 Qc4 52. Nf6+ 1-0

[Event "*** Titled Tuesday Blitz"]
[Site "Chess.com"]
[Date "2020.04.07"]
[Round "6"]
[White "XiaoKangZhong"]
[Black "nfds"]
[Result "1/2-1/2"]
[WhiteElo "2426"]
[BlackElo "2575"]
[TimeControl "180+1"]
[EndTime "14:08:21 PDT"]
[Termination "Game drawn by repetition"]

1. e4 e6 2. d4 d5 3. Nd2 Nf6 4.
e5 Nfd7 5. Bd3 c5 6. c3 Nc6 7. Ne2 b6 8. O-O Bb7 9. Nf3 Qc7 10. Be3 c4 11. Bc2 b5 12. b3 Ba3 13. Bc1 Be7 14.
a4 a6 15. axb5 axb5 16. Rxa8+ Bxa8 17. b4 h5 18. h4 Bb7 19. Ng3 g6 20. Ng5 Nf8 21.
Qf3 Nd8 22. Bd2 Nh7 23. Ra1 Nxg5 24. Bxg5 Bxg5 25. hxg5 Qe7 26. Qf4 h4 27. Nf1 Rh5 28. Nh2 Qxg5 29. Qxg5 Rxg5 30. Ra5 Bc6 31. Bd1 Rf5 32.
Bg4 Rf4 33. Kf1 f6 34. exf6 Kd7 35. Ra7+ Kd6 36. Rg7 Rxf6 37. Nf3 Nf7 38. Nxh4 g5 39. Nf3 e5 40. dxe5+ Nxe5 41. Nxe5 Kxe5 42. Rxg5+ Ke4 43. Bf3+ Kd3 44. Bxd5 Bxd5 45. Rxd5+ Kxc3 46. Rxb5 Kb3 47. Ke2 Rd6 48. g4 c3 49. Rc5 Kxb4 50. Rc8 Kb3 51. g5 c2 52. f4 Rd4 53. g6 Rxf4 54. g7 Rg4 55. Rb8+ Kc3 56. Rc8+ Kb2 57. Rb8+ Kc3 58. Rc8+ Kb2 59. Rb8+ Kc3 1/2-1/2

[Event "*** Titled Tuesday Blitz"]
[Site "Chess.com"]
[Date "2020.04.07"]
[Round "6"]
[White "TST2014"]
[Black "Oleg_Papayan"]
[Result "0-1"]
[WhiteElo "2504"]
[BlackElo "2348"]
[TimeControl "180+1"]
[EndTime "14:08:21 PDT"]
[Termination "Oleg_Papayan won on time"]

1. d4 Nf6 2. c4 e6 3. Nf3 b6 4. a3 Bb7 5. Nc3 d5 6. cxd5 exd5 7. Bf4 Bd6 8. Bxd6 Qxd6 9. g3 O-O 10. Bg2 c5 11.
O-O Nbd7 12. Rc1 Rfe8 13. e3 a6 14. Qd3 c4 15. Qf5 b5 16. Qf4 Qe7 17. Rfe1 Bc6 18.
Nh4 g6 19. Nf3 a5 20. Red1 b4 21. axb4 axb4 22. Ne2 Ra2 23. Qc7 Rxb2 24. Nf4 Ba4 25. Re1 Bc2 26. Ra1 Be4 27. Ra7 c3 28. Ne5 Nxe5 29. Qxe7 Rxe7 30. Rxe7 Nf3+ 31. Bxf3 Bxf3 32. Nd3 Rd2 33. Nxb4 Ne4 34. Rf1 c2 35. Rc7 Bd1 36.
Nxd5 Be2 37. Nb4 Bxf1 38. Kxf1 Rd1+ 39. Kg2 c1=Q 40. Rxc1 Rxc1 41. Nd3 Rc2 42. Kf3 f5 43. h4 Rd2 0-1

[Event "*** Titled Tuesday Blitz"]
[Site "Chess.com"]
[Date "2020.04.07"]
[Round "6"]
[White "IMRosen"]
[Black "Nathan_Filgueiras"]
[Result "1-0"]
[WhiteElo "2465"]
[BlackElo "2303"]
[TimeControl "180+1"]
[EndTime "14:08:21 PDT"]
[Termination "IMRosen won by resignation"]

1. e4 c5 2. Nc3 Nc6 3. Bb5 d6 4. Bxc6+ bxc6 5. f4 f5 6. Nf3 Nf6 7. Qe2 g6 8. e5 Nd5 9. d3 Bg7 10. O-O O-O 11. Bd2 Rb8 12. b3 e6 13. Na4 Re8 14. Rae1 Nb4 15. c3 Nd5 16. c4 Nb4 17. Bc3 dxe5 18. Bxe5 Bxe5 19. Nxe5 Qd4+ 20. Qf2 Bb7 21. Nxc5 Qxf2+ 22. Rxf2 Bc8 23. d4 a5 24. Re3 a4 25. Nxa4 Ra8 26. a3 Na6 27. Nb6 Rb8 28. c5 Nc7 29. Ned7 Bxd7 30. Nxd7 Kf7 31. Ne5+ Kg7 32.
Nxc6 Ra8 33. b4 Nd5 34. Rb3 Rec8 35. Ne5 Rcb8 36. g3 Ra4 37. Rfb2 Rba8 38. b5 Rxa3 39.
Rxa3 Rxa3 40. b6 Ra8 41. c6 Rc8 42. b7 Rb8 43. Ra2 Nb4 44. Ra8 Nxc6 45. Nxc6 Rxb7 46. Ra7 Rxa7 47. Nxa7 Kf6 48. Nc6 h6 49. Ne5 g5 50.
Kf2 Ke7 51. Kf3 Kd6 52. fxg5 hxg5 53. h4 Kd5 54. hxg5 Kxd4 55. g6 Kxe5 56. g7 1-0

[Event "*** Titled Tuesday Blitz"]
[Site "Chess.com"]
[Date "2020.04.07"]
[Round "6"]
[White "Kaua18"]
[Black "twitchTriniCupid"]
[Result "1-0"]
[WhiteElo "2189"]
[BlackElo "2388"]
[TimeControl "180+1"]
[EndTime "14:08:21 PDT"]
[Termination "Kaua18 won by checkmate"]

1. e4 c6 2. d4 d5 3. Nc3 dxe4 4. Nxe4 Bf5 5. Ng3 Bg6 6. Bc4 e6 7. N1e2 Bd6 8. O-O Qc7 9. f4 Nf6 10. f5 exf5 11. Nxf5 Bxh2+ 12. Kh1 O-O 13. Bh6 Nh5 14.
g4 gxh6 15. gxh5 Bxf5 16. Rxf5 Nd7 17. Qf1 Nb6 18. Bb3 Kh8 19. Rxf7 Rxf7 20. Bxf7 Qd6 21.
Qg2 Rf8 22. Rf1 Nd7 23. Qxh2 Qe7 24. Qf2 Kg7 25. Ng3 Qh4+ 26. Kg2 Qg5 27. Qf5 Nf6 28. Qxg5+ hxg5 29. Bb3 h6 30. Re1 Kh7 31. Re7+ Kh8 32. Rxb7 Ng4 33. Rxa7 Ne3+ 34. Kg1 g4 35. c3 Nd5 36.
Bxd5 cxd5 37. Rd7 Rf3 38. Kg2 Rd3 39. Rxd5 Rd2+ 40. Kg1 Rxb2 41. Rd7 Rc2 42. Ne4 Re2 43.
Nf6 Re1+ 44. Kf2 Re6 45. Rh7# 1-0

[Event "*** Titled Tuesday Blitz"]
[Site "Chess.com"]
[Date "2020.04.07"]
[Round "6"]
[White "goodluck06"]
[Black "2nd_life"]
[Result "0-1"]
[WhiteElo "2598"]
[BlackElo "2425"]
[TimeControl "180+1"]
[EndTime "14:08:22 PDT"]
[Termination "2nd_life won by checkmate"]

1. e4 e5 2. Nf3 Nc6 3. Bc4 Nf6 4. d3 h6 5. O-O d6 6. c3 g6 7. d4 Qe7 8. Re1 Bg7 9. Nbd2 O-O 10. h3 a6 11. a4 Nh5 12. Nf1 Kh7 13. Ne3 Bd7 14.
Nd5 Qd8 15. Be3 Ne7 16. dxe5 Nxd5 17. Bxd5 c6 18. Bb3 dxe5 19. Nd2 Qe7 20. Nc4 Be6 21.
Qc2 Nf4 22. Bxf4 exf4 23. Qe2 Qg5 24. Kh1 Be5 25. Nd2 Qf6 26. Bxe6 Qxe6 27. Qc4 b5 28.
Qxe6 fxe6 29. Nb3 Rfd8 30. Re2 Rab8 31. Nc5 bxa4 32. Nxe6 Rd6 33. Nc5 a3 34. bxa3 Bxc3 35. Rc1 Be5 36. f3 Ra8 37. Rb1 a5 38. Rb7+ Kg8 39. Re1 Bd4 40. Nb3 Be3 41. Rb1 a4 42.
Na1 Rad8 43. Nc2 Rd1+ 44. Rxd1 Rxd1+ 45. Kh2 Bg1+ 46. Kh1 Bf2+ 47. Kh2 Bg3# 0-1

[Event "*** Titled Tuesday Blitz"]
[Site "Chess.com"]
[Date "2020.04.07"]
[Round "6"]
[White "bazar-wokzal"]
[Black "KarstenHansch"]
[Result "0-1"]
[WhiteElo "2532"]
[BlackElo "2425"]
[TimeControl "180+1"]
[EndTime "14:08:22 PDT"]
[Termination "KarstenHansch won on time"]

1. e4 c6 2. d4 d5 3. e5 Bf5 4.
Nc3 e6 5. g4 Bg6 6. Be2 c5 7.
Be3 cxd4 8. Bxd4 Nc6 9. Nf3 Bb4 10. a3 Bxc3+ 11. Bxc3 Be4 12. Rg1 Bxf3 13. Bxf3 Qh4 14. Qd2 Nge7 15. O-O-O Ng6 16. Qe3 Qxh2 17. Rg3 Qh4 18.
g5 Qf4 19. Qxf4 Nxf4 20. Re1 O-O-O 21. Bg4 Ng6 22. f4 Nce7 23. Bd2 Nf5 24. Bxf5 exf5 25. Rh1 h6 26. gxh6 Rxh6 27. Rxh6 gxh6 28. Rh3 Kd7 29. Rxh6 Rh8 30. Rxh8 Nxh8 31. Be3 a6 32. Kd2 Ng6 33.
Kd3 Kc6 34. Kd4 Nf8 35. Kd3 Ne6 36. b3 Kb5 37. Bd2 Kc5 38. Ke3 d4+ 39. Kd3 Kd5 40.
b4 b5 41. Bc1 Nd8 42. Bb2 Nc6 43. Ba1 a5 44. bxa5 Nxa5 45. Bxd4 Nc4 46. Bf2 Nxa3 47. Be1 Nc4 48. Bb4 Nb6 49. Bd2 Nd7 50. Be3 Nf8 51.
Bc1 Ne6 52. Be3 Ng7 53. Bc1 Nh5 54. Be3 Ng3 55. Bc1 Ne4 56. Be3 f6 57. exf6 Nxf6 58.
Bd4 Ng4 0-1

[Event "*** Titled Tuesday Blitz"]
[Site "Chess.com"]
[Date "2020.04.07"]
[Round "6"]
[White "jeaston1"]
[Black "floplover"]
[Result "0-1"]
[WhiteElo "2428"]
[BlackElo "2271"]
[TimeControl "180+1"]
[EndTime "14:08:22 PDT"]
[Termination "floplover won by resignation"]

1. d4 Nf6 2. c4 e6 3. Nc3 Bb4 4. Qc2 O-O 5. Nf3 b6 6. e4 c5 7. e5 Ne8 8. d5 d6 9. Bg5 f6 10. exf6 Nxf6 11. dxe6 Bxe6 12. Bd3 h6 13. Bh4 Nc6 14.
O-O-O Bxc3 15. Qxc3 Qc8 16. Rhe1 d5 17. Bxf6 Rxf6 18.
cxd5 Bxd5 19. Kb1 Bxf3 20. gxf3 Nd4 21. Be4 Rb8 22. Qc4+ Kh8 23. Re3 Qe6 24. Qa4 Qf7 25. Qa6 Re8 26. Bd5 Qf8 27. Be4 Re7 28. Qd3 Qe8 29.
Rde1 Rfe6 30. f4 Qf7 31. f5 Rd6 32. Qa3 a5 33. Bd3 Rxe3 34. fxe3 Nc6 35. Bc2 Ne5 36. Qc3 Qd5 37. e4 Qd4 38. Qxd4 Rxd4 39. Bd1 Nc4 40. Bc2 Rd2 41. Kc1 Rxh2 42. Rd1 Ne3 43. e5 Rxc2+ 44.
Kb1 Rf2 45. Rd8+ Kh7 46. a3 Nxf5 47. e6 Re2 48. Rb8 Rxe6 0-1

[Event "*** Titled Tuesday Blitz"]
[Site "Chess.com"]
[Date "2020.04.07"]
[Round "6"]
[White "david_gomez"]
[Black "imdarealist"]
[Result "1-0"]
[WhiteElo "2436"]
[BlackElo "2225"]
[TimeControl "180+1"]
[EndTime "14:08:22 PDT"]
[Termination "david_gomez won on time"]

1. e4 e5 2. Nf3 Nf6 3. d4 Nxe4 4. Bd3 Nc6 5. Bxe4 d5 6. dxe5 dxe4 7. Qxd8+ Nxd8 8. Ng5 Bf5 9. Nc3 Bb4 10. Bd2 Bxc3 11. Bxc3 h6 12. Nh3 Bxh3 13. gxh3 Ne6 14. Rg1 Ng5 15.
O-O-O Rd8 16. Rxd8+ Kxd8 17. h4 Ne6 18. Rg4 e3 19.
fxe3 g5 20. Kd2 h5 21. Ra4 a6 22. hxg5 Nxg5 23. e6 Rh6 24. Rd4+ Ke8 25. exf7+ Nxf7 26. Re4+ Kd7 27. Rf4 Nd6 28. b3 Rg6 29. h4 Rg2+ 30.
Kd3 Rh2 31. a4 b6 32. e4 a5 33. e5 Nb7 34. Rf7+ Kc6 35. Rf4 Rh3+ 36. Kd2 Nc5 37. Bd4 Ne6 38. Rf6 Kd5 39. Bf2 Kxe5 40. Rh6 Rh2 41.
Ke3 Nf4 42. Bg3 Rh3 43. Rxh5+ 1-0

[Event "*** Titled Tuesday Blitz"]
[Site "Chess.com"]
[Date "2020.04.07"]
[Round "6"]
[White "Ceejay271"]
[Black "ama18"]
[Result "1-0"]
[WhiteElo "2319"]
[BlackElo "2441"]
[TimeControl "180+1"]
[EndTime "14:08:23 PDT"]
[Termination "Ceejay271 won by resignation"]

1. Nf3 Nf6 2. b3 b6 3. Bb2 e6 4. g3 Bb7 5. Bg2 Be7 6. O-O O-O 7. c4 c5 8. Nc3 d6 9. d4 cxd4 10.
Qxd4 a6 11. Rfd1 Qc7 12. Rac1 Nbd7 13. e4 Rac8 14. Ba3 Nc5 15. e5 dxe5 16. Qxe5 Qxe5 17.
Nxe5 Bxg2 18. Kxg2 Rfd8 19. Na4 Rxd1 20. Rxd1 Nxa4 21.
Bxe7 Nc3 22. Rd2 b5 23. Rc2 Ncd5 24. Ba3 bxc4 25. Rxc4 Rxc4 26. bxc4 Nb6 27. c5 Nbd5 28. c6 Ne8 29. Bc5 f6 30. Nd7 Kf7 31. Kf3 f5 32.
a3 g5 33. Ke2 h5 34. Kd3 Nec7 35. Kd4 Nf6 36. f3 Nfd5 37. Ke5 Nb5 38. Nb8 a5 39.
Na6 a4 40. Bd6 Kg6 41. c7 Ndxc7 42. Nxc7 Nxc7 43. Bxc7 g4 44. f4 h4 45. Bd6 Kh5 46.
Kxe6 hxg3 47. hxg3 Kg6 48. Be7 Kh5 49. Kxf5 1-0

[Event "*** Titled Tuesday Blitz"]
[Site "Chess.com"]
[Date "2020.04.07"]
[Round "6"]
[White "Dare-Dare"]
[Black "kleopl"]
[Result "1-0"]
[WhiteElo "2174"]
[BlackElo "2382"]
[TimeControl "180+1"]
[EndTime "14:08:23 PDT"]
[Termination "Dare-Dare won by resignation"]

1. Nf3 Nf6 2. c4 g6 3. Nc3 Bg7 4. e4 c5 5. d4 cxd4 6. Nxd4 d6 7. f3 O-O 8. Be3 Nc6 9. Be2 a5 10. O-O Bd7 11. Rc1 a4 12. Nd5 Re8 13. Qd2 Nxd5 14. exd5 Nxd4 15. Bxd4 Qa5 16. Qe3 e5 17. Bc3 Qc7 18. b4 axb3 19. axb3 f5 20. b4 Ra3 21. Ra1 Rea8 22. Rxa3 Rxa3 23. Ra1 f4 24. Qc1 Qb6+ 25.
Kf1 Rxa1 26. Qxa1 h5 27. Bd3 Kh7 28. Qb1 Be8 29. Qc2 Qe3 30. Bd2 Qd4 31. Bc3 Qe3 32. Bd2 Qa7 33. c5 dxc5 34. bxc5 Qa1+ 35. Qb1 Qd4 36. Qb3 Qxc5 37. Qxb7 Qd4 38. Qb3 Ba4 39.
Qc3 Qxc3 40. Bxc3 e4 41. Bxg7 exd3 42. Bc3 Kg8 43. Ke1 Kf7 44. Kd2 Bc2 45. Be5 Ke7 46. Bxf4 Kd7 47. g4 hxg4 48. fxg4 Bb3 49. d6 Be6 50. h3 Bc4 51. Kc3 Ba6 52. h4 Ke6 53. h5 gxh5 54. gxh5 Bc8 55. h6 Kf6 56. Kxd3 Kg6 57.
Kd4 Kh7 58. Kc5 Bd7 59. Kb6 Kg6 60. Kc7 Bf5 61. d7 Bxd7 62. Kxd7 1-0

[Event "*** Titled Tuesday Blitz"]
[Site "Chess.com"]
[Date "2020.04.07"]
[Round "6"]
[White "Gennady_Kozlov"]
[Black "OK97"]
[Result "0-1"]
[WhiteElo "2594"]
[BlackElo "2754"]
[TimeControl "180+1"]
[EndTime "14:08:24 PDT"]
[Termination "OK97 won by resignation"]

1. b3 e5 2. Bb2 Nc6 3. e3 d5 4. Bb5 Bd6 5. f4 f6 6. Nh3 Nh6 7. Qh5+ Nf7 8. fxe5 fxe5 9. O-O Be6 10. Nc3 O-O 11.
Bd3 Nh6 12. Ng5 Bg4 13. Bxh7+ Kh8 14. Qg6 Bf5 15. Rxf5 Rxf5 16. Nf3 Ne7 17. Qe6 Kxh7 18. Nxd5 Qg8 19. Qxg8+ Nhxg8 20. e4 Rff8 21. Nxe7 Nxe7 22.
Bxe5 Bxe5 23. Nxe5 Rad8 24. d3 Ng6 25. Nf3 Nf4 26.
Kf2 c5 27. g3 Ne6 28. Ke3 g5 29. c3 g4 30. Ne5 Ng5 31. Rd1 b5 32. d4 cxd4+ 33.
cxd4 Rc8 34. d5 Nf3 35. Nxg4 Rc3+ 36. Ke2 Rc2+ 37. Ke3 Rc3+ 38. Ke2 Ng5 39. e5 Rc2+ 40. Kd3 Rxa2 41. e6 Rd8 42. Ke3 Nxe6 43. Nf6+ Kg6 44. Ne4 Ng7 45. d6 Re8 46. d7 Nf5+ 47. Kf4 Rd8 48. g4 Ng7 49. Rd6+ Kf7 50. g5 Ne6+ 51.
Ke5 Nf8 52. Rf6+ Ke7 53. g6 Nxd7+ 54. Kf5 Nxf6 0-1

[Event "*** Titled Tuesday Blitz"]
[Site "Chess.com"]
[Date "2020.04.07"]
[Round "6"]
[White "jonaszmb"]
[Black "ecwinslow"]
[Result "1/2-1/2"]
[WhiteElo "2396"]
[BlackElo "2181"]
[TimeControl "180+1"]
[EndTime "14:08:24 PDT"]
[Termination "Game drawn - insufficient material"]

1. d4 Nf6 2. c4 g6 3. Nf3 Bg7 4. g3 O-O 5. Bg2 d6 6. O-O Nbd7 7. Qc2 e5 8. Rd1 Re8 9. Nc3 c6 10. e3 a6 11. dxe5 dxe5 12. b3 Bf8 13. Bb2 Qc7 14. a4 a5 15. Ng5 Nc5 16. Ba3 Bf5 17.
e4 Bd7 18. Nf3 Bg4 19. Rd2 Ne6 20. Bxf8 Rxf8 21. Ne2 Bxf3 22. Bxf3 Rfd8 23. Rad1 Rxd2 24. Rxd2 Rd8 25. Bg2 Rxd2 26. Qxd2 b6 27. f3 Nc5 28.
Nc1 Qd7 29. Qxd7 Nfxd7 30. Bh3 Nf8 31. Kf2 f6 32. Ke3 Kf7 33. Kd2 Ke7 34. Kc3 Kd6 35. Ne2 Nfe6 36. f4 exf4 37. Bxe6 Nxe6 38. gxf4 g5 39. e5+ fxe5 40. f5 Nf4 41. Ng3 e4 42.
Kd4 h5 43. Kxe4 h4 44. Nf1 Ne2 45. Ne3 Nc1 46. c5+ bxc5 47. Nc4+ Ke7 48. Nxa5 g4 49. Nxc6+ Kd6 50. f6 Ke6 51. Kf4 g3 52. hxg3 hxg3 53.
Kxg3 Nxb3 54. Kf4 Kxf6 55. Ke4 Ke6 56. a5 Kd6 57. Nd8 Nxa5 58. Kd3 Kc7 59. Ne6+ Kb6 60. Nxc5 1/2-1/2

[Event "*** Titled Tuesday Blitz"]
[Site "Chess.com"]
[Date "2020.04.07"]
[Round "6"]
[White "SanchezKelvin"]
[Black "gmkomarov"]
[Result "0-1"]
[WhiteElo "2328"]
[BlackElo "2509"]
[TimeControl "180+1"]
[EndTime "14:08:25 PDT"]
[Termination "gmkomarov won by resignation"]

1. d4 Nf6 2. c4 e6 3. Nf3 b6 4. g3 Bb4+ 5. Nbd2 Bb7 6. Bg2 O-O 7. O-O Re8 8. Qc2 d5 9. Nb3 Bf8 10. Bf4 Na6 11. Rac1 c5 12. dxc5 bxc5 13. cxd5 exd5 14. Rfd1 Nb4 15. Qb1 Rxe2 16. Nxc5 Bxc5 17. Rxc5 Rxf2 18.
Kxf2 Qb6 19. Rc1 Ne4+ 20. Kg1 Nxc5 21. Be3 Rc8 22. a3 Nbd3 23. Rc3 Ba6 24. b4 Qe6 25. Bxc5 Rxc5 26. Rxd3 Bxd3 27. Qxd3 Rc1+ 28. Bf1 Qe4 29. Qxe4 dxe4 30. Nd4 e3 31. Kg2 Ra1 32. Be2 Rxa3 33.
Kf3 Ra4 34. Nc2 Ra2 35. Nxe3 a6 36. h4 Rb2 37. Nd5 Ra2 38. Bc4 Rc2 39. Bd3 Ra2 40. Bc4 Ra3+ 41. Kf4 g6 42. Be2 Kg7 43. Nc7 a5 44. bxa5 Rxa5 45. Nb5 Ra4+ 46. Kf3 h5 47. Nc3 Ra3 0-1

[Event "*** Titled Tuesday Blitz"]
[Site "Chess.com"]
[Date "2020.04.07"]
[Round "6"]
[White "stefan_95"]
[Black "Gordima"]
[Result "1-0"]
[WhiteElo "2647"]
[BlackElo "2785"]
[TimeControl "180+1"]
[EndTime "14:08:26 PDT"]
[Termination "stefan_95 won on time"]

1. d4 Nf6 2. Nf3 d5 3. Bf4 c5 4. e3 Nc6 5. Nbd2 cxd4 6. exd4 g6 7. c3 Bg7 8. Bd3 Bf5 9. Bxf5 gxf5 10. Qb3 Qc8 11. h3 e6 12. O-O O-O 13. Rfe1 Ne4 14. Nf1 Ne7 15. Ne5 Ng6 16. Nxg6 hxg6 17. f3 Nf6 18. a4 Qd7 19. a5 Ne8 20. Ra4 Nd6 21. Rb4 Rab8 22. Nd2 Rfc8 23. Nb1 Rc6 24. Na3 a6 25.
Kh1 Bf8 26. Nc2 Rbc8 27. Bxd6 Qxd6 28. Rxb7 Qg3 29. Kg1 Bd6 30. Kf1 Qh2 31. Ne3 Bg3 32.
Rd1 f4 33. Ng4 Qh1+ 34. Ke2 Qxg2+ 35. Kd3 Qxf3+ 36. Kc2 Qe4+ 37. Kc1 Kg7 38. Ne5 R6c7 39. Rxc7 Rxc7 40. Qb6 Re7 41. Qxa6 f3 42. Qd3 Bf4+ 43. Kc2 f2 44. Qxe4 dxe4 45. Rf1 e3 46. Kd3 f6 47. Nc4 Ra7 48. Nxe3 Bg3 49. Nd1 Rxa5 50. Nxf2 1-0

[Event "*** Titled Tuesday Blitz"]
[Site "Chess.com"]
[Date "2020.04.07"]
[Round "6"]
[White "GHANDEEVAM2003"]
[Black "KuzubovYuriy"]
[Result "0-1"]
[WhiteElo "2961"]
[BlackElo "2832"]
[TimeControl "180+1"]
[EndTime "14:08:27 PDT"]
[Termination "KuzubovYuriy won by resignation"]

1. d4 Nf6 2. Bg5 d5 3. Nd2 e6 4.
e4 dxe4 5. Nxe4 Nbd7 6. Nf3 Be7 7. Nxf6+ Nxf6 8. Bd3 b6 9. Ne5 Qd5 10. Qf3 Qxf3 11.
Nxf3 h6 12. Bxf6 Bxf6 13. Be4 Rb8 14. O-O-O Ke7 15. Rhe1 Rd8 16. c3 Bd7 17. Kc2 Ba4+ 18. b3 Be8 19. c4 c5 20. d5 exd5 21. Bxd5+ Kf8 22. Ne5 a6 23. f4 b5 24. g3 g6 25.
Re3 g5 26. fxg5 hxg5 27. Rf1 Kg7 28. Ng4 Rb6 29. Rf5 Bd7 30. Rxf6 Rxf6 31. Nxf6 Kxf6 32. Rf3+ Ke5 33. Rxf7 Bf5+ 34. Kb2 Rh8 35. Re7+ Kd4 36. Re2 Bd3 37. Rd2 Ke3 38. Rg2 b4 39. a3 a5 40.
axb4 axb4 41. g4 Rh3 42. Bc6 Bg6 43. Kc1 Kd4 44. Kb2 Re3 45. Rd2+ Bd3 46. Bg2 Re2 47. Kc1 Re1+ 48. Kb2 Ke3 49. Rc2 Bxc2 0-1

[Event "*** Titled Tuesday Blitz"]
[Site "Chess.com"]
[Date "2020.04.07"]
[Round "6"]
[White "Azerichess"]
[Black "Zkid"]
[Result "1-0"]
[WhiteElo "3018"]
[BlackElo "2824"]
[TimeControl "180+1"]
[EndTime "14:08:28 PDT"]
[Termination "Azerichess won by resignation"]

1. d4 d5 2. c4 dxc4 3. e4 Nf6 4. e5 Nd5 5. Bxc4 Nc6 6. Ne2 Bf5 7. O-O e6 8. Nbc3 Nb6 9. Bb5 Be7 10. Ng3 Bg6 11. Be3 O-O 12. Bxc6 bxc6 13. Rc1 Rb8 14. Qe2 Nd5 15. Nxd5 Qxd5 16. b3 c5 17. Rfd1 cxd4 18.
Bxd4 Qa5 19. Bc3 Qa3 20. Qb2 Rfd8 21. Qxa3 Bxa3 22. Ra1 Bc2 23. Rxd8+ Rxd8 24. Ne2 c5 25. f3 Rd3 26. Re1 Bd1 27. Nf4 Rd7 28. Kf2 g5 29.
Nh5 Rd3 30. Re3 Rxe3 31. Kxe3 Bc2 32. Nf6+ Kg7 33. Nd7 Bb1 34. Kd2 Bxa2 35. Kc2 c4 36. b4 Bb3+ 37. Kd2 Ba4 38. Nf6 Bc6 39. Ng4 Kg6 40.
Ne3 h5 41. Nxc4 Bxb4 42. Bxb4 g4 43. Ke3 gxf3 44. gxf3 Kf5 45. Bc3 Bd5 46. Nd6+ Kg6 47. f4 Bc6 48. h4 Bd5 49. Kd4 f6 50. f5+ Kg7 51. Ne8+ 1-0

[Event "*** Titled Tuesday Blitz"]
[Site "Chess.com"]
[Date "2020.04.07"]
[Round "6"]
[White "kayrakamer"]
[Black "vanea_03"]
[Result "1/2-1/2"]
[WhiteElo "2482"]
[BlackElo "2598"]
[TimeControl "180+1"]
[EndTime "14:08:28 PDT"]
[Termination "Game drawn by repetition"]

1. Nf3 Nf6 2. d4 b6 3. Bg5 Bb7 4. Nbd2 h6 5. Bxf6 exf6 6. e4 c5 7. c3 Be7 8. Bd3 O-O 9. O-O d5 10. Re1 cxd4 11. Nxd4 Bc5 12. Nf5 g6 13. Nxh6+ Kg7 14.
Ng4 dxe4 15. Bxe4 Bxe4 16. Nxe4 Qxd1 17. Raxd1 Be7 18. Nd6 Bxd6 19. Rxd6 f5 20. Nf6 Na6 21. Nd7 Rfd8 22. Rdd1 Rac8 23. Kf1 Nc7 24. Ne5 Ne6 25. g3 Nc5 26. Rd4 Rxd4 27. cxd4 Ne4 28. Rd1 Rc2 29.
d5 Nd6 30. Nd3 Kf6 31. Ke1 a5 32. Rd2 Rc8 33. Rd1 b5 34. f3 b4 35. Rd2 Rc4 36.
Kf2 Ke7 37. Re2+ Kf6 38. Rd2 Rd4 39. Ke2 Rxd5 40. Nf4 Rxd2+ 41. Kxd2 Ke5 42. Kd3 g5 43. Ne2 g4 44. f4+ Kd5 45. Nd4 Kc5 46. b3 Kd5 47. Ne2 Kc5 48. Nd4 Kd5 49. Ne2 Ne4 50. Nd4 Nf2+ 51.
Ke3 Nd1+ 52. Kd3 Nb2+ 53. Ke3 Nd1+ 54. Kd3 Nf2+ 55. Ke3 Nd1+ 1/2-1/2

[Event "*** Titled Tuesday Blitz"]
[Site "Chess.com"]
[Date "2020.04.07"]
[Round "6"]
[White "harvsp123"]
[Black "VladDobrov"]
[Result "1-0"]
[WhiteElo "2571"]
[BlackElo "2864"]
[TimeControl "180+1"]
[EndTime "14:08:29 PDT"]
[Termination "harvsp123 won by resignation"]

1. e4 e5 2. Nf3 Nc6 3. Bb5 Nf6 4. O-O Nxe4 5. d4 Nd6 6. Bxc6 dxc6 7. dxe5 Nf5 8.
Qxd8+ Kxd8 9. h3 h5 10. Nc3 a5 11. a4 h4 12. Ne2 Be7 13. Rd1+ Ke8 14. b3 Be6 15.
Bb2 Bd5 16. Nfd4 Nxd4 17. Nxd4 Rh5 18. f4 Rd8 19. Kh2 f6 20. c4 Bg8 21. Nf3 Rxd1 22. Rxd1 Rf5 23. Re1 fxe5 24. Nxe5 Kd8 25. Ng6 Bf6 26.
Rd1+ Ke8 27. Re1+ Kd8 28. Rd1+ Ke8 29. Re1+ Kd7 30. Rd1+ Ke6 31. Re1+ Kd6 32. Rd1+ Kc5 33. Ba3+ Kb6 34. c5+ Ka7 35. Rd3 Bh7 36. Nf8 Bg8 37. Nd7 Be7 38. Bc1 Bd5 39. Be3 Ka6 40. Ne5 g5 41. Ng6 gxf4 42. Nxe7 Re5 43. Nxd5 fxe3 44.
Nxe3 Rxc5 45. Ng4 b5 46. Rf3 Kb6 47. Ne5 Rxe5 48. Rf4 Kc5 49. Rxh4 Rd5 50. Rg4 Rd3 51. Rg3 b4 52. Rxd3 1-0

[Event "*** Titled Tuesday Blitz"]
[Site "Chess.com"]
[Date "2020.04.07"]
[Round "6"]
[White "wonderfultime"]
[Black "temus_galaktionov"]
[Result "0-1"]
[WhiteElo "2952"]
[BlackElo "2758"]
[TimeControl "180+1"]
[EndTime "14:08:29 PDT"]
[Termination "temus_galaktionov won on time"]

1. d4 c6 2. Nf3 g6 3. Bf4 Bg7 4. e3 d6 5. h3 Nd7 6. Be2 Ngf6 7. O-O O-O 8. c4 Re8 9. Nc3 Qb6 10. Qc2 e5 11. Bh2 Qd8 12. Rfd1 Qe7 13. b4 Nf8 14. dxe5 dxe5 15. Bxe5 Qxb4 16. Rab1 Qa5 17. Bd4 Ne6 18. Bxf6 Bxf6 19. Ne4 Bg7 20. Nd6 Re7 21. Nd2 Nc5 22. Nb3 Nxb3 23. Rxb3 Qc5 24. Rbd3 Be6 25. Ne4 Qa5 26. Nd6 Qc5 27. Qa4 h6 28. Bf3 Be5 29. Be2 Rb8 30. a3 b5 31. cxb5 cxb5 32. Qa5 Qc7 33. Qb4 a5 34. Qh4 Kg7 35. Ne4 Bf5 36.
Bf3 g5 37. Nxg5 hxg5 38. Qxg5+ Bg6 39. Rd5 Bf6 40. Qg4 b4 41. h4 Qc8 42. Qg3 Kf8 43. h5 Bc2 44. R1d2 b3 45. Qf4 Bc3 0-1

[Event "*** Titled Tuesday Blitz"]
[Site "Chess.com"]
[Date "2020.04.07"]
[Round "6"]
[White "theprosecution1"]
[Black "Mops_2004"]
[Result "1-0"]
[WhiteElo "2813"]
[BlackElo "2551"]
[TimeControl "180+1"]
[EndTime "14:08:29 PDT"]
[Termination "theprosecution1 won by resignation"]

1. e4 d6 2. d4 Nf6 3. Nc3 g6 4. Bc4 Bg7 5. Qe2 Nc6 6. e5 Nxd4 7. exf6 Nxe2 8. fxg7 Rg8 9. Ngxe2 Rxg7 10. Bh6 Rg8 11. h4 Be6 12. Bxe6 fxe6 13. O-O-O Kd7 14. Rhe1 e5 15.
f4 exf4 16. Nxf4 c6 17. Bg5 Re8 18. Ne4 Qa5 19. Kb1 Qf5 20. a3 h5 21. Ne6 Qf7 22. g3 b6 23. Nc3 Kc8 24. Rd4 Qf5 25. Rde4 d5 26. R4e2 Kb7 27. Ng7 Qg4 28. Nxe8 Rxe8 29. Rxe7+ Rxe7 30. Rxe7+ Ka6 31. Bf4 d4 32. Ne2 Qf3 33. Bb8 c5 34. b3 Kb5 35. Kb2 Kc6 36.
Rc7+ Kd5 37. Nf4+ Ke4 38. Nd3 Qh1 39. Rxa7 Kf5 40. Rf7+ Ke6 41. Rg7 Qe4 42. Rxg6+ Kd7 43.
Ne5+ Kc8 44. Rg8+ Kb7 45. Bd6 d3 46. Rg7+ Ka6 47. Bb8 d2 48. a4 Qa8 49. Rd7 Qxb8 50.
Nc6 d1=Q 51. Nxb8+ 1-0

[Event "*** Titled Tuesday Blitz"]
[Site "Chess.com"]
[Date "2020.04.07"]
[Round "6"]
[White "PenguinPacks"]
[Black "olksuna"]
[Result "0-1"]
[WhiteElo "2390"]
[BlackElo "2612"]
[TimeControl "180+1"]
[EndTime "14:08:29 PDT"]
[Termination "olksuna won on time"]

1. e4 c5 2. Nf3 Nc6 3. Nc3 g6 4. d4 cxd4 5. Nxd4 Bg7 6. Be3 Nf6 7.
f3 O-O 8. Bc4 Qb6 9. Bb3 Ng4 10.
Nd5 Nxe3 11. Nxb6 Nxd1 12. Nxa8 Nxb2 13. Nxc6 bxc6 14. Kd2 Bb7 15. Rab1 d5 16. exd5 cxd5 17. Nc7 Rc8 18. Nxd5 Bxd5 19. Bxd5 Rd8 20. Rxb2 Bxb2 21. c4 e6 22. Kc2 exd5 23. Kxb2 dxc4 24. Kc3 Rd3+ 25. Kc2 Kg7 26. Re1 Ra3 27. Kb2 Rd3 28. Re2 Kf6 29. Rc2 Rd4 30. Kc3 Ke5 31. Re2+ Kd5 32. Re7 Rd3+ 33. Kc2 Ra3 34. Kb2 Rd3 35. Kc2 Ra3 36. Kb2 Ra6 37. Rxf7 h5 38. Rd7+ Kc5 39.
Re7 Kb4 40. a3+ Kc5 41. Rc7+ Kd5 42. Re7 Rb6+ 43. Kc2 a5 44. Rd7+ Kc5 45. Re7 Rb3 46. Re5+ Kd4 47. Rxa5 Re3 48. g4 h4 0-1